Map: Romanticide LE

Players

Trek

  • Race: Terran Terran
  • League: Master

IIIIIIIIIIII - Winner!

  • Race: Protoss Protoss
  • League: Master

VOD

Have the link to the VOD?

Description

Time

  • Played on: July 4, 2021, 4:21 p.m.
  • Length: 6:30
Show
View Real Time Build Order
Export as new Build Order

Trek Terran 

Build Orders:  

Get SALT Encoding   

  12  0:01  SCV  
  13  0:14  SCV  
  13  0:18  Supply Depot  
  14  0:26  SCV  
  15  0:39  SCV  
  15  0:41  Barracks  
  16  0:46  Refinery  
  16  0:51  SCV  
  17  1:03  SCV  
  18  1:16  SCV  
  19  1:23  Engineering Bay  
  19  1:28  Orbital Command  
  19  1:43  Refinery  
  19  1:46  Marine  
  20  1:52  Factory  
  20  1:55  SCV  
  21  2:04  Supply Depot  
  21  2:07  SCV  
  22  2:19  Marine  
  23  2:26  SCV  
  24  2:32  Barracks  
  24  2:34  Supply Depot  
  24  2:36  Factory Tech Lab  
  24  2:38  SCV  
  24  2:39  Starport  
  24  2:40  Marine  
  26  2:50  SCV  
  27  2:54  Siege Tank  
  30  3:01  Marine  
  31  3:12  Supply Depot  
  31  3:15  Medivac  
  31  3:19  Marine  
  34  3:20  Marine  
  35  3:32  Siege Tank  
  38  3:36  Marine  
  38  3:38  Marine  
  40  3:53  Command Center  
  40  3:54  Marine  
  41  3:55  Marine  
  42  4:04  Siege Tank  
  42  4:09  SCV  
  46  4:12  Marine  
  47  4:29  Bunker  
  47  4:39  Marine  
  47  4:42  Marine  
  47  4:50  Starport Tech Lab  
  46  5:08  Orbital Command  
  46  5:09  Raven  
  46  5:10  Siege Tank  
  49  5:14  Engineering Bay  
  47  5:24  Marine  
  47  5:25  Marine  
  47  5:26  SCV  
  49  5:35  SCV  
  49  5:38  SCV  
  50  5:47  SCV  
  47  5:50  SCV  
  47  5:51  Missile Turret  
  47  5:55  Marine x2  
  50  5:58  Cyclone  
Show
View Real Time Build Order
Export as new Build Order

IIIIIIIIIIII Protoss - Winner!

Build Orders: Zealot Archon, Archon Drop, Dark Templar Rush 

Get SALT Encoding   

  12  0:00  Probe  
  13  0:13  Probe  
  14  0:18  Pylon  
  14  0:25  Probe (Chrono Boost)  
  15  0:36  Probe (Chrono Boost)  
  15  0:38  Gateway  
  16  0:43  Probe  
  16  0:46  Assimilator  
  17  0:55  Probe  
  18  1:07  Probe  
  19  1:19  Probe  
  20  1:26  Zealot  
  20  1:28  Cybernetics Core  
  20  1:31  Pylon, Probe  
  23  1:42  Assimilator  
  23  1:49  Probe  
  24  2:01  Probe  
  25  2:03  Adept (Chrono Boost)  
  27  2:13  Probe  
  28  2:19  Nexus  
  28  2:20  Warp Gate  
  28  2:32  Probe, Twilight Council  
  29  2:39  Pylon  
  29  2:44  Adept  
  31  2:57  Probe  
  32  3:02  Robotics Facility  
  32  3:09  Pylon  
  32  3:10  Probe  
  33  3:20  Dark Shrine  
  33  3:22  Probe (Chrono Boost)  
  34  3:32  Probe (Chrono Boost)  
  36  3:40  Probe (Chrono Boost)  
  37  3:42  Gateway, Probe (Chrono Boost)  
  37  3:46  Gateway  
  37  3:55  Warp Prism (Chrono Boost)  
  39  4:00  Probe  
  41  4:02  Probe  
  41  4:07  Charge (Chrono Boost)  
  41  4:15  Gateway  
  41  4:24  Observer (Chrono Boost)  
  42  4:34  Dark Templar  
  42  4:38  Dark Templar  
  43  4:49  Zealot  
  43  4:52  Probe x2  
  47  4:58  Gateway  
  47  5:00  Gateway  
  47  5:03  Gateway  
  47  5:04  Probe  
  48  5:09  Zealot  
  48  5:10  Zealot x2  
  54  5:21  Dark Templar  
  56  5:25  Gateway  
  56  5:27  Pylon  
  56  5:29  Pylon  
  56  5:30  Zealot  
  58  5:52  Dark Templar  
  58  5:55  Zealot, Dark Templar  
  58  5:56  Zealot x2  
  68  5:57  Archon  
  68  5:59  Archon  
  68  6:01  Pylon  
  68  6:02  Zealot x2  
  68  6:28  Zealot x7  
Tags
 
Add a new tag
Caveats
  • Supply blocks, unpowered buildings, or Contaminate may cause inaccurate times.
  • Supply counts are checked every 10 seconds.